 Dungeon Crawl Stone Soup version 0.27.1-2-g3b301248ec (webtiles) character file.

Game seed: 4572908263554392765

287 loralnil the Insei (level 6, -1/47 HPs)
             Began as a Gnoll Transmuter on Sept 24, 2021.
             Slain by Grinder (3 damage)
             ... on level 3 of the Dungeon.
             The game lasted 00:03:01 (2427 turns).

loralnil the Insei (Gnoll Transmuter)               Turns: 2427, Time: 00:03:01

Health: -1/47      AC:  2    Str: 16    XL:     6   Next: 30%
Magic:  7/14       EV: 22    Int: 13    God:
Gold:   103        SH:  0    Dex: 18    Spells: 11/15 levels left

rFire    . . .     SeeInvis .     - Unarmed
rCold    . . .     Faith    .   (shield currently unavailable)
rNeg     + . .     Spirit   .   (armour currently unavailable)
rPois    x         Reflect  .   (helmet currently unavailable)
rElec    .         Harm     .   (cloak currently unavailable)
rCorr    .         Rampage  .   (gloves currently unavailable)
Will     .....                  (boots currently unavailable)
Stlth    ++........             (no amulet)
HPRegen  0.15/turn              f - ring of positive energy
MPRegen  0.14/turn              g - +6 ring of strength

@: spider-form (expiring)
A: venomous fangs, tiny, (fangs 1), strong nose, distributed training
a: End Transformation


You were on level 3 of the Dungeon.
You were a venomous arachnid creature.
You visited 1 branch of the dungeon, and saw 3 of its levels.

You collected 103 gold pieces.

Inventory:

Armour
 a - a +0 robe (melded)
Jewellery
 f - a ring of positive energy (left front leg)
 g - a +6 ring of strength (right front leg)
Wands
 e - a wand of flame (27)
Potions
 b - a potion of flight {unknown}
 c - a potion of might
 d - a potion of lignification {unknown}
 h - a potion of heal wounds {unknown}


   Skills:
 + Level 3.2 Fighting
 + Level 1.9 Short Blades
 + Level 1.9 Long Blades
 + Level 1.9 Axes
 + Level 1.9 Maces & Flails
 + Level 1.9 Polearms
 + Level 1.9 Staves
 + Level 1.9 Slings
 + Level 1.9 Bows
 + Level 1.9 Crossbows
 + Level 1.9 Throwing
 + Level 1.9 Armour
 + Level 4.9 Dodging
 + Level 1.9 Stealth
 + Level 1.9 Shields
 + Level 6.8 Unarmed Combat
 + Level 5.3 Spellcasting
 + Level 1.5 Conjurations
 + Level 1.5 Hexes
 + Level 1.5 Summonings
 + Level 1.5 Necromancy
 + Level 1.5 Translocations
 + Level 4.1 Transmutations
 + Level 1.5 Fire Magic
 + Level 1.5 Ice Magic
 + Level 1.5 Air Magic
 + Level 1.5 Earth Magic
 + Level 1.5 Poison Magic
 + Level 2.1 Invocations
 + Level 1.9 Evocations


You had 11 spell levels left.
You knew the following spells:

 Your Spells              Type           Power      Damage    Failure   Level
a - Beastly Appendage     Tmut           28%        N/A       11%         1
b - Spider Form           Tmut/Pois      5%         N/A       36%         3

Your spell library contained the following spells:

 Spells                   Type           Power      Damage    Failure   Level
 Wereblood                Tmut           14%        N/A       14%         2
 Ice Form                 Ice/Tmut       10%        N/A       71%         4
 Malign Gateway           Summ/Tloc      3%         N/A       100%        7
 Summon Horrible Things   Summ           3%         N/A       100%        8


Dungeon Overview and Level Annotations

Branches:
Dungeon (3/15)

Altars:

Annotations:
D:3 Grinder


Innate Abilities, Weirdness & Mutations

You are a venomous arachnid creature.
You have poisonous fangs.
You are tiny and dextrous.
Your spellcasting is less reliable in this form.
Your armour is entirely melded.
You are incapable of wielding weapons or throwing items.
((You have very sharp teeth.))
Your uncanny sense of smell can sniff out nearby items.
Your experience applies equally to all skills.


Message History

Casting: Spider Form (dangerous; 17% risk of failure)
Confirm with . or Enter, or press ? or * to list all spells.
You turn into a venomous arachnid creature.
Your +0 robe melds into your body.
Grinder blinks!
Grinder is nearby!
Things that are here:
a +0 short sword; an orc corpse Grinder gestures at you.
You barely resist. Grinder misses you.
A ball python comes into view.
The ball python hisses angrily.
You hit Grinder.
Grinder is heavily wounded.
Grinder hits you.
You completely miss Grinder.
Grinder is heavily wounded.
Grinder gestures at you. Pain shoots through your body!
* * * LOW HITPOINT WARNING * * *
You barely miss Grinder.
Grinder is heavily wounded.
Grinder misses you.
Your magical contamination has completely faded away.
You hit Grinder.
Grinder is heavily wounded.
Grinder hits you but does no damage.
You bite Grinder!
Grinder is severely wounded.
Your transformation is almost over.
You hit Grinder.
Grinder is almost dead.
Grinder hits you.
* * * LOW HITPOINT WARNING * * *
You barely miss Grinder.
Grinder is almost dead.
Grinder hits you!
* * * LOW HITPOINT WARNING * * *
You writhe in agony.
You die...

....######
.........###
.........(.
#............#
##............#
#.............#####
#..........5.......
.....####.s.#
...........S##.#
##...))........
#.....###.....
#.....# ......
###)....# ......
#..)...)# .....
#)#####.# .....
#)#####.#


You could see Grinder and a ball python.

Vanquished Creatures
  Sigmund (D:3)
  Ijyb (D:3)
  2 adders
  3 gnolls (D:3)
  A worm (D:2)
  7 orcs (D:3)
  6 ball pythons
  3 endoplasms
  4 giant cockroaches
  7 goblins
  5 hobgoblins
  A kobold (D:1)
  3 quokkas (D:1)
  6 bats
  2 frilled lizards (D:1)
  5 rats
57 creatures vanquished.

Notes
Turn   | Place    | Note
-------+----------+-------------------------------------------
     0 | D:1      | loralnil the Gnoll Transmuter began the quest for the Orb.
     0 | D:1      | Reached XP level 1. HP: 17/17 MP: 6/6
    93 | D:1      | Reached XP level 2. HP: 7/23 MP: 7/7
   495 | D:1      | Found a faded altar of an unknown god.
   874 | D:1      | Reached XP level 3. HP: 28/28 MP: 9/9
   898 | D:1      | Reached skill level 5 in Spellcasting
  1534 | D:2      | Reached skill level 1 in Invocations
  1925 | D:2      | Reached skill level 1 in Short Blades
  1925 | D:2      | Reached skill level 1 in Long Blades
  1925 | D:2      | Reached skill level 1 in Axes
  1925 | D:2      | Reached skill level 1 in Maces & Flails
  1925 | D:2      | Reached skill level 1 in Polearms
  1925 | D:2      | Reached skill level 1 in Staves
  1925 | D:2      | Reached skill level 1 in Slings
  1925 | D:2      | Reached skill level 1 in Bows
  1925 | D:2      | Reached skill level 1 in Crossbows
  1925 | D:2      | Reached skill level 1 in Throwing
  1925 | D:2      | Reached skill level 1 in Armour
  1925 | D:2      | Reached skill level 1 in Stealth
  1925 | D:2      | Reached skill level 1 in Shields
  1925 | D:2      | Reached skill level 1 in Evocations
  1942 | D:2      | Reached XP level 4. HP: 28/34 MP: 11/11
  2087 | D:2      | Learned a level 3 spell: Spider Form
  2295 | D:3      | Noticed Ijyb
  2305 | D:3      | Killed Ijyb
  2306 | D:3      | Reached skill level 1 in Conjurations
  2306 | D:3      | Reached skill level 1 in Hexes
  2306 | D:3      | Reached skill level 1 in Summonings
  2306 | D:3      | Reached skill level 1 in Necromancy
  2306 | D:3      | Reached skill level 1 in Translocations
  2306 | D:3      | Reached skill level 1 in Fire Magic
  2306 | D:3      | Reached skill level 1 in Ice Magic
  2306 | D:3      | Reached skill level 1 in Air Magic
  2306 | D:3      | Reached skill level 1 in Earth Magic
  2306 | D:3      | Reached skill level 1 in Poison Magic
  2337 | D:3      | Reached XP level 5. HP: 24/40 MP: 8/12
  2400 | D:3      | Noticed Sigmund
  2407 | D:3      | Noticed Grinder
  2408 | D:3      | Killed Sigmund
  2409 | D:3      | Reached XP level 6. HP: 38/47 MP: 10/14
  2427 | D:3      | HP: 2/47 [Grinder (9)]
  2427 | D:3      | Slain by Grinder

Illustrated notes

Levels and vault maps discovered:
D:1:      dpeg_arrival_arbitrary_b, layout_loops_ring,
          shapermc_ecumenical_altar_totnotflames
D:2:      layout_loops_ring, minmay_randomly_rotated_circles
D:3:      minmay_angry_zag, layout_basic, mainiacjoe_overflow_chevrons,
          general_overflow_altar, gup_sewer_entry_glass, uniq_grinder,
          uniq_ijyb, uniq_sigmund

Skill      XL: |  1  2  3  4  5 |
---------------+----------------+-----
Spellcasting   | 5 |  5.3
Invocations    | 1 2 |  2.1
Short Blades   | 1 |  1.9
Long Blades    | 1 |  1.9
Axes           | 1 |  1.9
Maces & Flails | 1 |  1.9
Polearms       | 1 |  1.9
Staves         | 1 |  1.9
Slings         | 1 |  1.9
Bows           | 1 |  1.9
Crossbows      | 1 |  1.9
Throwing       | 1 |  1.9
Armour         | 1 |  1.9
Stealth        | 1 |  1.9
Shields        | 1 |  1.9
Evocations     | 1 |  1.9
Conjurations   | 1 |  1.5
Hexes          | 1 |  1.5
Summonings     | 1 |  1.5
Necromancy     | 1 |  1.5
Translocations | 1 |  1.5
Fire Magic     | 1 |  1.5
Ice Magic      | 1 |  1.5
Air Magic      | 1 |  1.5
Earth Magic    | 1 |  1.5
Poison Magic   | 1 |  1.5
Fighting       | 3 |  3.2
Transmutations | 4 |  4.1
Dodging        | |  4.9
Unarmed Combat | |  6.8

Action                   |  1- 3 |  4- 6 || total
-------------------------+-------+-------++-------
Melee: Unarmed           |    85 |    61 ||   146
       Kick              |    14 |     5 ||    19
       Headbutt          |    10 |     1 ||    11
       Bite              |     5 |       ||     5
 Cast: Beastly Appendage |    24 |     2 ||    26
       Spider Form       |       |     5 ||     5
  Use: Scroll            |     3 |       ||     3
 Stab: Sleeping          |     4 |       ||     4
Armor: Robe              |    25 |       ||    25
       Skin              |       |     2 ||     2
Dodge: Dodged            |    69 |    38 ||   107
